 Dungeon Crawl Stone Soup version 0.30.0-10-gfe55d96785 (webtiles) character file.

Game seed: 1943567148127831718

68948 freelancePsychic the Marksdemigod (level 14, -4/126 HPs)
             Began as a Demigod Hunter on May 15, 2023.
             Killed from afar by Azrael (10 damage)
             ... with damnation
             ... on level 14 of the Dungeon.
             The game lasted 00:34:29 (11467 turns).

freelancePsychic the Marksdemigod (Demigod Hunter) Turns: 11467, Time: 00:34:29

Health: -4/126     AC: 16    Str: 13    XL:     14   Next: 47%
Magic:  0/17       EV: 29    Int: 10    God:
Gold:   438        SH: 11    Dex: 37    Spells: 13/13 levels left

rFire   . . .        a - +7 hand crossbow (heavy)
rCold   + . .        S - +2 buckler
rNeg    + . .        u - +3 troll leather armour
rPois   +            v - +0 helmet {SInv}
rElec   .            V - +2 ratskin cloak {*Rats rPois rN+ Str-1 Int-1 Dex+1}
rCorr   +            s - +2 pair of gloves
SInv    +            F - +0 pair of boots
Will    +....        n - amulet "Yfrettedgh" {Spirit rCorr Str+2 Dex+3 Slay+3}
Stlth   +            K - +5 ring of evasion
HPRegen 1.21/turn    N - ring of protection from cold
MPRegen 0.15/turn

%: guardian spirit
@: on fire, glowing
A: high MP 1, forlorn, divine attributes
a: no special abilities


You were on level 14 of the Dungeon.
You visited 3 branches of the dungeon, and saw 21 of its levels.
You also visited: Ossuary.

You collected 1667 gold pieces.
You spent 1229 gold pieces at shops.

Inventory:

Hand Weapons
 a - a +7 heavy hand crossbow (weapon)
Armour
 s - a +2 pair of gloves (worn)
 u - a +3 troll leather armour (worn)
 v - a +0 helmet of see invisible (worn)
 F - a +0 pair of boots (worn)
 M - the scarf of Quutuhuq {+Inv, rC+ rCorr Int+3}
   (You found it on level 9 of the Dungeon)

   Int:       It affects your intelligence (+3).
   rC:        It protects you from cold.
   rCorr:     It protects you from acid and corrosion.
 S - a +2 buckler (worn)
 V - the +2 ratskin cloak (worn) {*Rats rPois rN+ Str-1 Int-1 Dex+1}
   (You bought it in a shop on level 11 of the Dungeon)

   *Rats:     When the wearer is hurt, rats may emerge from it to assist them.
   Str:       It affects your strength (-1).
   Int:       It affects your intelligence (-1).
   Dex:       It affects your dexterity (+1).
   rPois:     It protects you from poison.
   rN:        It protects you from negative energy.
Jewellery
 c - an amulet of reflection
 m - a ring of wizardry
 n - the amulet "Yfrettedgh" (around neck) {Spirit rCorr Str+2 Dex+3 Slay+3}
   (You took it off an orc priest on level 3 of the Dungeon)

   [amulet of guardian spirit]

   It causes incoming damage to be divided between your reserves of health and
   magic.
   Str:       It affects your strength (+2).
   Dex:       It affects your dexterity (+3).
   Slay:      It affects your accuracy & damage with ranged weapons and melee
   (+3).
   rCorr:     It protects you from acid and corrosion.
 y - an amulet of the acrobat
 B - a ring of poison resistance
 D - a ring of resist corrosion
 E - a ring of wizardry
 J - a ring of see invisible
 K - a +5 ring of evasion (left hand)
 N - a ring of protection from cold (right hand)
Wands
 l - a wand of iceblast (24)
 t - a wand of digging (5)
 x - a wand of polymorph (12)
 I - a wand of flame (8)
Scrolls
 b - a scroll of butterflies
 i - a scroll of blinking
 j - 2 scrolls of torment
 k - 3 scrolls of teleportation {@r4}
 o - a scroll of identify {@r1}
 r - a scroll of poison
 H - 6 scrolls of vulnerability
 R - 2 scrolls of amnesia
 T - a scroll of magic mapping
Potions
 d - 3 potions of degeneration {unknown}
 e - 7 potions of curing {@q1}
 f - 2 potions of magic
 g - 5 potions of heal wounds {unknown}
 h - 3 potions of might {unknown}
 p - 2 potions of brilliance {unknown}
 q - 2 potions of ambrosia {unknown}
 w - 4 potions of haste {unknown}
 z - 3 potions of flight {unknown}
 A - 2 potions of mutation
 C - a potion of lignification
 L - 2 potions of berserk rage
 P - 2 potions of attraction {unknown}
 U - a potion of invisibility {unknown}
Miscellaneous
 Q - a tin of tremorstones (2/2)


   Skills:
 + Level 12.2 Fighting
 - Level 18.0 Ranged Weapons
 * Level 4.7 Armour
 + Level 9.6 Dodging
 - Level 0.8 Stealth
 - Level 6.0 Shields


You had 13 spell levels left.
You didn't know any spells.
Your spell library contained the following spells:

 Spells                   Type           Power      Damage    Failure   Level
 Cigotuvi's Dreadful Rot  Necr/Pois/Air  0%         N/A       67%         2
 Ensorcelled Hibernation  Hex/Ice        0%         N/A       67%         2
 Passwall                 Tmut/Erth      0%         N/A       67%         2
 Scorch                   Fire           0%         2d5       67%         2
 Ignite Poison            Fire/Tmut/Pois 0%         N/A       88%         3
 Swiftness                Air            0%         N/A       88%         3
 Vhi's Electric Charge    Tloc/Air       0%         N/A       88%         3
 Flame Wave               Conj/Fire      0%         2d4       99%         4
 Manifold Assault         Tloc           0%         N/A       99%         4
 Arcjolt                  Conj/Air       0%         1d10      100%        5
 Freezing Cloud           Conj/Ice/Air   0%         6-21      100%        5
 Dispersal                Tloc           0%         N/A       100%        6
 Summon Cactus Giant      Summ           0%         N/A       100%        6
 Disjunction              Tloc           0%         N/A       100%        8
 Maxwell's Capacitive Co  Air            0%         ∞         100%        8


Dungeon Overview and Level Annotations

Branches:
Dungeon (14/15)            Temple (0/1) D:4            Lair (5/5) D:8
  Swamp (0/4) Lair:3        Snake (0/4) Lair:2        Slime (0/5) Lair:5
    Orc (2/2) D:11            Elf (0/3) Orc:2        Vaults (0/5) D:13
Ossuary (visited)

Shops:
D:3 ?   D:4 *(   D:6 :   D:9 *   D:11 *   Orc:2 *[:(

Annotations:
D:13 exclusions: ice statue and obsidian statue
D:14 Azrael
Lair:5 exclusion: obsidian statue
Orc:2 1 runed translucent door, monsoonserge's ghost, journeyman MeMo


Innate Abilities, Weirdness & Mutations

You have an increased reservoir of magic. (+10% MP)
You shall have no god before yourself.
Your divine heritage dramatically boosts your attributes as you level up.


Message History

Unknown command.
Unknown command.
Unknown command.
Unknown command.
Unknown command.
Unknown command.
Unknown command.
Unknown command.
Unknown command.
Unknown command.
Unknown command.
Unknown command.
Cornered, Azrael turns to fight!
Azrael gestures at you. The sticky flame misses you.
Fire: a) +7 hand crossbow (heavy)
Press: ? - help, Shift-Dir - straight line, f/p - Azrael
Aim: Azrael, wielding a +4 scimitar of flaming (moderately wounded, 89% to hit)
You shoot a bolt. The bolt hits Azrael!!
Azrael is severely wounded.
Cornered, the death knight turns to fight!
A wolf spider comes into view.
Fire: a) +7 hand crossbow (heavy)
Press: ? - help, Shift-Dir - straight line, f/p - Azrael
Aim: Azrael, wielding a +4 scimitar of flaming (severely wounded, 89% to hit)
You shoot a bolt. The bolt barely misses Azrael.
The wolf spider's many legs skitter.
Azrael gestures at you.
The sphere of damnation explodes!
The damnation engulfs you!!!
* * * LOW HITPOINT WARNING * * *
Azrael gestures at you. The sticky flame hits you!
You are covered in liquid flames!
* * * LOW HITPOINT WARNING * * *
You feel better.
You are covered in liquid flames!
* * * LOW HITPOINT WARNING * * *
Azrael gestures at you.
The sphere of damnation explodes!
The damnation engulfs you!
You die...

.## ..# ..# ### ..# #.. # ..#
#.. #########.# ..# #..
#.......... .########## #.##
#.....^..#
.............##..#####(.......#
.......## #....@...).)...######
.#......######..#.######.......#
..........## #.##R# ##...##..#
.....##....###o##s# #.#.#
.>...###.....#.##)##### #.#.#
.....# ####......pBy(.# #.#.###
#.#### #....###B##.###.#...#
#...# ####.....°.....##.#...#
###.# #........#...cc##.#..## .


You could see an orc warlord (strong), Azrael, a death knight, 2 boulder beetles
and a wolf spider.

Vanquished Creatures
  An orc warlord (Orc:2)
  2 dire elephants (Lair:5)
  An ettin (Orc:2)
  8 vault guards (D:13)
  A hydra (D:14)
  Erolcha (Orc:1)
  6 centaur warriors
  A death knight (D:14)
  4 two-headed ogres
  2 boulder beetles
  A spectral dire elephant (Lair:5)
  An orc high priest (Orc:2)
  Urug (Orc:2)
  A spectral death yak (Lair:5)
  A spectral anaconda (Lair:5)
  A skeletal warrior (D:14)
  A lindwurm (Lair:5)
  4 necromancers
  A deep elf pyromancer (D:14)
  A harpy (D:14)
  2 orc knights (Orc:2)
  5 oklob plants (Lair:5)
  3 orc sorcerers
  22 elephants
  2 cyclopes
  7 ugly things
  A manticore (D:12)
  Maurice (D:8)
  4 black mambas
  2 dire elephant zombies (Lair:5)
  A gargoyle (D:11)
  2 unseen horrors
  6 komodo dragons
  3 rime drakes
  A freezing wraith (D:14)
  9 cane toads
  3 trolls
  8 blink frogs (Lair:5)
  4 spectral elephants (Lair:5)
  6 dream sheep (Lair:4)
  3 slime creatures (D:13)
  2 vampires
  4 wraiths
  A shadow (D:11)
  3 wyverns
  29 yaks
  3 basilisks
  Grum (D:8)
  8 vampire mosquitoes
  3 death yak simulacra (Lair:5)
  3 wargs (Orc:2)
  5 nagas (Lair:2)
  2 spectral cane toads (Lair:5)
  3 acid dragons
  9 water moccasins
  5 hell hounds (D:14)
  3 elephant zombies (Lair:5)
  22 orc warriors
  2 sky beasts
  5 ogres
  7 centaurs
  12 wolves
  An elephant skeleton (Lair:5)
  A phantom (D:6)
  2 kobold brigands (D:9)
  7 bullfrogs
  2 scorpions (D:5)
  3 cane toad simulacra (Lair:5)
  3 wights (D:9)
  An elephant simulacrum (Lair:5)
  4 howler monkeys
  2 hounds
  21 orc priests
  9 iguanas
  29 orc wizards
  2 yak simulacra (Lair:2)
  4 wolf simulacra (Lair:2)
  3 polar bear simulacra (Lair:2)
  9 mummies
  6 gnolls
  An adder (D:4)
  A shadow imp (D:6)
  5 white imps
  2 ufetubi (D:5)
  4 worms
  4 dart slugs
  49 orcs
  3 ball pythons
  2 bats (D:1)
  7 endoplasms
  A giant cockroach (D:4)
  2 gnoll zombies (Ossuary)
  11 goblins
  7 hobgoblins
  4 jackals (D:5)
  2 quokkas (D:1)
  3 frilled lizards
  2 goblin zombies (D:8)
  3 hobgoblin zombies (Ossuary)
  9 kobolds
  A kobold zombie (Ossuary)
  2 orc zombies (Ossuary)
  3 rats
  2 river rat simulacra (Lair:2)
  A butterfly (Lair:2)
507 creatures vanquished.

Vanquished Creatures (others)
  A vampire mosquito (D:14)
1 creature vanquished.

Grand Total: 508 creatures vanquished

Notes
Turn   | Place    | Note
-------+----------+-------------------------------------------
     0 | D:1      | freelancePsychic the Demigod Hunter began the quest for the
                  | Orb.
     0 | D:1      | Reached XP level 1. HP: 17/17 MP: 3/3
   229 | D:1      | Reached XP level 2. HP: 19/24 MP: 4/4
   271 | D:1      | Reached skill level 4 in Ranged Weapons
   622 | D:2      | Reached XP level 3. HP: 26/29 MP: 5/5
   854 | D:2      | You fall into a shaft and drop 1 floor!
   912 | D:3      | Found Kysisonk's Magic Scroll Boutique.
   961 | D:3      | Bought a scroll of teleportation for 30 gold pieces
   961 | D:3      | Bought a scroll of fear for 40 gold pieces
  1215 | D:3      | Reached XP level 4. HP: 22/37 MP: 6/6
  1324 | D:3      | Identified the amulet "Yfrettedgh" {Spirit rCorr Str+2
                  | Dex+3 Slay+3}
  1358 | D:3      | Reached skill level 5 in Ranged Weapons
  1358 | D:3      | Reached XP level 5. HP: 23/44 MP: 7/7
  1580 | D:4      | Found Hlog's Humungous Hoard.
  1584 | D:4      | Bought a +0 hand crossbow for 49 gold pieces
  1640 | D:4      | Noticed a sky beast
  1643 | D:4      | Killed a sky beast
  1701 | D:4      | Reached XP level 6. HP: 51/51 MP: 8/8
  1852 | D:3      | Bought a scroll of enchant weapon for 75 gold pieces
  1883 | D:4      | Found a staircase to the Ecumenical Temple.
  1945 | D:4      | Found Dalakh's Firing Range.
  1994 | D:5      | Entered Level 5 of the Dungeon
  2041 | D:5      | Reached skill level 6 in Ranged Weapons
  2288 | D:5      | Reached XP level 7. HP: 58/58 MP: 9/9
  2578 | D:6      | Reached skill level 7 in Ranged Weapons
  2745 | D:6      | Found Zalloq's Book Boutique.
  2826 | D:6      | Reached XP level 8. HP: 40/67 MP: 5/10
  3212 | D:7      | Reached skill level 5 in Fighting
  3212 | D:7      | Reached skill level 1 in Shields
  3557 | D:8      | Noticed Maurice
  3563 | D:8      | Killed Maurice
  3564 | D:8      | Reached skill level 8 in Ranged Weapons
  3595 | D:8      | Noticed Grum
  3597 | D:8      | Killed Grum
  3858 | D:8      | Found a sand-covered staircase.
  3861 | D:8      | Reached XP level 9. HP: 71/75 MP: 11/11
  3866 | Ossuary  | Entered an ossuary
  3897 | Ossuary  | Reached skill level 9 in Ranged Weapons
  4119 | D:8      | Found a staircase to the Lair.
  4548 | D:9      | Found Lomuupi's Assorted Antiques.
  4558 | D:9      | Bought a scroll labelled WAEPPO SIJ for 36 gold pieces
  4558 | D:9      | Bought a scroll of enchant weapon for 270 gold pieces
  4558 | D:9      | Bought a yellow potion for 32 gold pieces
  4563 | D:9      | Identified the scarf of Quutuhuq {+Inv, rC+ rCorr Int+3}
  4763 | D:10     | Entered Level 10 of the Dungeon
  4843 | D:10     | Noticed a two-headed ogre
  4845 | D:10     | Killed a two-headed ogre
  4846 | D:10     | Reached skill level 10 in Ranged Weapons
  5047 | D:10     | Noticed an unseen horror
  5051 | D:10     | Killed an unseen horror
  5093 | D:10     | Reached skill level 5 in Shields
  5093 | D:10     | Reached XP level 10. HP: 51/86 MP: 9/13
  5275 | D:11     | Noticed a two-headed ogre
  5277 | D:11     | Reached skill level 11 in Ranged Weapons
  5297 | D:11     | Killed a two-headed ogre
  5356 | D:11     | Noticed a two-headed ogre
  5361 | D:11     | Killed a two-headed ogre
  5407 | D:11     | Noticed a cyclops
  5598 | D:11     | Found Laliy's Neck Hole.
  5644 | D:11     | Killed a cyclops
  5669 | D:11     | Found a staircase to the Orcish Mines.
  5764 | Lair:1   | Entered Level 1 of the Lair of Beasts
  5786 | Lair:1   | Reached skill level 12 in Ranged Weapons
  5925 | Lair:1   | Reached XP level 11. HP: 95/95 MP: 14/14
  6169 | Lair:2   | Reached skill level 13 in Ranged Weapons
  6276 | Lair:2   | Reached skill level 5 in Dodging
  6298 | Lair:2   | Found a staircase to the Snake Pit.
  6417 | Lair:2   | Noticed a necromancer
  6437 | Lair:2   | Killed a necromancer
  6772 | Lair:3   | Noticed a boulder beetle
  6785 | Lair:3   | Killed a boulder beetle
  6801 | Lair:3   | Found a staircase to the Swamp.
  7429 | Lair:4   | Reached skill level 14 in Ranged Weapons
  7436 | Lair:4   | Reached XP level 12. HP: 104/106 MP: 15/15
  7455 | Lair:4   | Reached skill level 10 in Fighting
  7655 | Lair:5   | Entered Level 5 of the Lair of Beasts
  7781 | Lair:5   | Noticed a dire elephant
  7781 | Lair:5   | Noticed a dire elephant
  7791 | Lair:5   | Found the +3 Elemental Staff {rElec rF+ rC+ AC+3}
  7875 | Lair:5   | Killed a dire elephant
  7879 | Lair:5   | Killed a dire elephant
  8003 | Lair:5   | Reached skill level 15 in Ranged Weapons
  8284 | Lair:5   | Found a staircase to the Slime Pits.
  8305 | Lair:5   | Reached XP level 13. HP: 101/116 MP: 13/16
  8429 | Lair:5   | Reached skill level 16 in Ranged Weapons
  9011 | D:11     | Bought the +2 ratskin cloak {*Rats rPois rN+ Str-1 Int-1
                  | Dex+1} for 472 gold pieces
  9011 | D:11     | Found the +2 ratskin cloak {*Rats rPois rN+ Str-1 Int-1
                  | Dex+1}
  9067 | Orc:1    | Entered Level 1 of the Orcish Mines
  9184 | Orc:1    | Noticed Erolcha
  9187 | Orc:1    | Killed Erolcha
  9210 | Orc:2    | Entered Level 2 of the Orcish Mines
  9254 | Orc:2    | Noticed Urug
  9255 | Orc:2    | Noticed an orc warlord
  9261 | Orc:2    | Reached skill level 17 in Ranged Weapons
  9262 | Orc:2    | Killed an orc warlord
  9265 | Orc:2    | Killed Urug
  9302 | Orc:2    | Found Seax's General Store.
  9368 | Orc:2    | Found Taser's Antique Armour Shop.
  9477 | Orc:2    | Found a staircase to the Elven Halls.
  9539 | Orc:2    | Found Adduc's Antique Weapon Shop.
  9555 | Orc:2    | Found Hiobutt's Book Shop.
  9608 | Orc:2    | Found a runed translucent door.
  9608 | Orc:2    | Identified the +2 quarterstaff of Valiance {chaos, Fly rF-
                  | MP+9 Str+3}
  9608 | Orc:2    | Noticed monsoonserge's ghost (journeyman MeMo)
 10153 | D:3      | Bought a scroll of enchant weapon for 75 gold pieces
 10153 | D:3      | Bought a scroll of enchant armour for 75 gold pieces
 10153 | D:3      | Bought a scroll of enchant armour for 75 gold pieces
 10871 | D:13     | Reached skill level 18 in Ranged Weapons
 10871 | D:13     | Reached XP level 14. HP: 124/124 MP: 17/17
 10890 | D:13     | Reached skill level 1 in Armour
 10997 | D:13     | Found a gate to the Vaults.
 11446 | D:14     | Noticed Azrael
 11458 | D:14     | Noticed an orc warlord
 11466 | D:14     | HP: 5/126 [Azrael/sticky flame (8)]
 11467 | D:14     | Killed from afar by Azrael

Illustrated notes

Levels and vault maps discovered:
D:1:      dpeg_arrival_renting, layout_basic, minmay_nonomino_d4
D:2:      layout_rooms, dreamdust_ecumenical_altar_statues,
          dreamdust_wishing_well
D:3:      layout_loops_ring, serial_shops, shop
D:4:      layout_gridville, elyvilon_altar_4,
          minmay_temple_entry_drinking_statues, minmay_door_square,
          kennysheep_minor_cross, nicolae_alphabet_shops,
          nicolae_shop_firing_range
D:5:      layout_loops_ring, minmay_ruined_shrine
D:6:      layout_gridville, serial_shops, kennysheep_little_box,
          uniq_blork_the_orc
D:7:      layout_basic, nrook_mini_vaults
D:8:      layout_basic, mainiacjoe_overflow_boulevard, lair_entry_dummy,
          nicolae_ossuary_entry_giza, uniq_maurice, uniq_grum
D:9:      layout_basic, pdpol_temple_overflow_zin_treasury_gozag_greed,
          fedhas_bush_and_centaur_altar, mainiacjoe_overflow_24_doors,
          serial_shops, nicolae_shop_tiny_waterfront, corexii_checkpoint_a
D:10:     layout_gridville
D:11:     layout_basic, orc_0_dummy, minmay_misc_feat_iff,
          nicolae_shop_sticking_my_neck_out
D:12:     layout_basic
D:13:     layout_irregular_city, erik_vaults_2, gammafunk_ghost_cemetery,
          david_greed
D:14:     kennysheep_green_arena, layout_rooms, minmay_misc_feat_five,
          uniq_azrael
Lair:1:   layout_regular_city, serial_rivers, chequers_serial_rivers_small_a,
          chequers_serial_rivers_room_a, chequers_serial_rivers_small_3,
          chequers_serial_rivers_marsh, chequers_serial_rivers_room_b
Lair:2:   layout_roguey, minmay_snake_entry_guardpost_medium,
          chequers_serial_rivers_room_a, eino_house_with_fridge,
          grunt_megastairs_4, infiniplex_staircase_pool_2, lemuel_fruit_fields
Lair:3:   cheibrodos_magma_flow, layout_loops_ring, swamp_mist
Lair:4:   layout_gridlike
Lair:5:   due_jungle_book, layout_cave_shapes, minmay_slime_entry_oklob_open,
          grunt_megastairs_3, lemuel_fruit_tree
Orc:1:    emtedronai_trogs_sanctum, layout_diamond_mine, nicolae_orc_rockfall,
          nicolae_orc_sculptors_studio, uniq_erolcha
Orc:2:    grunt_orc_cross, layout_caves, ebering_ghost_xom

Skill      XL: |  1  2  3  4  5  6  7  8  9 10 11 12 13 14 |
---------------+-------------------------------------------+-----
Fighting       | 2 3 4 5 7 8 9 11 12 | 12.2
Dodging        | 2 3 4 6 8 9 |  9.6
Ranged Weapons | 4 5 6 7 8 10 12 14 15 18 | 18.0
Shields        | 3 5 6 |  6.0
Armour         | 4 |  4.7
Stealth        | |  0.8

Action                     |  1- 3 |  4- 6 |  7- 9 | 10-12 | 13-15 || total
---------------------------+-------+-------+-------+-------+-------++-------
   Fire: Shortbow          |   122 |    36 |       |       |       ||   158
         Hand crossbow     |       |    60 |   170 |   295 |   318 ||   843
    Use: Potion            |       |     4 |       |     1 |     1 ||     6
         Scroll            |       |     7 |    13 |     5 |    13 ||    38
 Armour: Leather armour    |    14 |     5 |    10 |       |       ||    29
         Acid dragon scale |       |       |    20 |     2 |       ||    22
         Troll leather arm |       |       |       |    53 |    56 ||   109
  Dodge: Dodged            |    52 |    17 |    95 |   182 |   179 ||   525
  Block: Buckler           |       |       |    31 |   106 |   148 ||   285
